AAA
BATON ROUGE BAYOU @ QUEBEC FIGHTING QUAKERS
07/19/2059
 
TOP OF THE 1ST
Baton Rouge Bayou batting - Pitching for Quebec Fighting Quakers : RHP Ky Forbes
Pitching: RHP Ky Forbes
Batting: RHB Huston Cruz 0-0: Ball
1-0: Fly out, F9 (Line Drive, 89S, EV 93.1 MPH)
Batting: RHB Tripp Kalifetona 0-0: Called Strike
0-1: Ball
1-1: Ground out 6-3 (Groundball, 6, EV 88.8 MPH)
Batting: LHB Kemper Small 0-0: Called Strike
0-1: Ball
1-1: Ball
2-1: Foul Ball, location: 2F
2-2: Ball
3-2: Strikes out swinging
Top of the 1st over - 0 runs, 0 hits, 0 errors, 0 left on base; Baton Rouge 0 - Quebec 0
BOTTOM OF THE 1ST
Quebec Fighting Quakers batting - Pitching for Baton Rouge Bayou : RHP Dex Shinn
Pitching: RHP Dex Shinn
Batting: LHB Neil Fedunina 0-0: Ball
1-0: Ground out U3 (Groundball, 3, EV 90.0 MPH)
Batting: LHB Jayden Marotta 0-0: Fly out, F7 (Line Drive, 7S, EV 94.4 MPH)
Batting: RHB TeMarcus Turner 0-0: Swinging Strike
0-1: Called Strike
0-2: Ball
1-2: Strikes out swinging
Bottom of the 1st over - 0 runs, 0 hits, 0 errors, 0 left on base; Baton Rouge 0 - Quebec 0
TOP OF THE 2ND
Baton Rouge Bayou batting - Pitching for Quebec Fighting Quakers : RHP Ky Forbes
Batting: RHB Darrin Cramer 0-0: Called Strike
0-1: Ball
1-1: Ball
2-1: Foul Ball, location: 2F
2-2: Foul Ball, location: 2F
2-2: DOUBLE (Flyball, 89XD, EV 101.9 MPH)
Batting: LHB Isaac Allen 0-0: Foul Ball, location: 2F
0-1: Ball
1-1: Fly out, F6 (Popup, 6MS, EV 77.5 MPH)
Batting: SHB Rob French 0-0: Swinging Strike
0-1: Called Strike
0-2: Fly out, F8 (Flyball, 8LD, EV 90.0 MPH)
Batting: LHB Peter Beasley 0-0: Called Strike
0-1: Ball
1-1: Swinging Strike
1-2: Strikes out swinging
Top of the 2nd over - 0 runs, 1 hit, 0 errors, 1 left on base; Baton Rouge 0 - Quebec 0
BOTTOM OF THE 2ND
Quebec Fighting Quakers batting - Pitching for Baton Rouge Bayou : RHP Dex Shinn
Batting: LHB Roshown Guillen 0-0: Called Strike
0-1: Foul Ball, location: 2F
0-2: Ground out 4-3 (Groundball, 34, EV 100.0 MPH)
Batting: RHB Eli Tracy 0-0: Ball
1-0: Ball
2-0: Called Strike
2-1: Ball
3-1: Base on Balls
Batting: RHB Cody Henning 0-0: Fly out, F7 (Flyball, 7D, EV 90.6 MPH)
Batting: LHB Kaleb Roelofs 0-0: Ball
1-0: Foul Ball, location: 2F
1-1: Foul Ball, location: 2F
1-2: Ball
2-2: Ground out 4-3 (Groundball, 4, EV 81.9 MPH)
Bottom of the 2nd over - 0 runs, 0 hits, 0 errors, 1 left on base; Baton Rouge 0 - Quebec 0
TOP OF THE 3RD
Baton Rouge Bayou batting - Pitching for Quebec Fighting Quakers : RHP Ky Forbes
Batting: RHB Justin Greene 0-0: Ball
1-0: Ground out 6-3 (Groundball, 6, EV 104.4 MPH)
Batting: RHB Jeremie Holzschuh 0-0: Ball
1-0: Ball
2-0: Swinging Strike
2-1: Ball
3-1: SINGLE (Flyball, 6D, EV 94.4 MPH)
Batting: RHB Huston Cruz 0-0: Called Strike
0-1: Called Strike
0-2: Foul Ball, location: 2F
0-2: SINGLE (Groundball, 5S, EV 63.8 MPH) (infield hit)
Jeremie Holzschuh to second
Batting: RHB Tripp Kalifetona 0-0: Ball
1-0: Called Strike
1-1: Ball
2-1: Foul Ball, location: 2F
2-2: Ball
3-2: Foul Ball, location: 2F
3-2: Fielders Choice at 2nd, 1-6 (Groundball, 34S, EV 70.0 MPH)
Jeremie Holzschuh to third
Batting: LHB Kemper Small 0-0: Foul Ball, location: 2F
0-1: Called Strike
0-2: Strikes out swinging
Top of the 3rd over - 0 runs, 2 hits, 0 errors, 2 left on base; Baton Rouge 0 - Quebec 0
BOTTOM OF THE 3RD
Quebec Fighting Quakers batting - Pitching for Baton Rouge Bayou : RHP Dex Shinn
Batting: LHB Kevyn O'Flynn 0-0: Ball
1-0: Called Strike
1-1: Swinging Strike
1-2: TRIPLE (Flyball, 8RXD, EV 105.6 MPH)
Batting: RHB Charleston Chesney 0-0: Called Strike
0-1: Ball
1-1: Called Strike
1-2: Foul Ball, location: 2F
1-2: Ball
2-2: Strikes out swinging
Batting: LHB Neil Fedunina 0-0: SINGLE (Flyball, 8LS, EV 86.9 MPH)
Kevyn O'Flynn scores
Batting: LHB Jayden Marotta 0-0: Ball
1-0: Called Strike
1-1: Ball
2-1: Foul Ball, location: 2F
2-2: Ball
3-2: Strikes out looking
Batting: RHB TeMarcus Turner 0-0: Ball
1-0: Foul Ball, location: 2F
1-1: Ball
2-1: Foul Ball, location: 2F
2-2: Ball
3-2: Foul Ball, location: 2F
3-2: Ground out 6-3 (Groundball, 6, EV 101.9 MPH)
Bottom of the 3rd over - 1 run, 2 hits, 0 errors, 1 left on base; Baton Rouge 0 - Quebec 1
TOP OF THE 4TH
Baton Rouge Bayou batting - Pitching for Quebec Fighting Quakers : RHP Ky Forbes
Batting: RHB Darrin Cramer 0-0: Foul Ball, location: 2F
0-1: Ball
1-1: Ball
2-1: Called Strike
2-2: Foul Ball, location: 2F
2-2: Ball
3-2: Base on Balls
Batting: LHB Isaac Allen 0-0: Called Strike
Darrin Cramer steals 2nd base
0-1: Called Strike
0-2: Foul Ball, location: 2F
0-2: Strikes out swinging
Batting: SHB Rob French 0-0: Ball
1-0: Called Strike
1-1: Ball
2-1: Foul Ball, location: 2F
2-2: Strikes out swinging
Batting: LHB Peter Beasley 0-0: Ball
1-0: Fly out, F6 (Popup, 6M, EV 55.6 MPH)
Top of the 4th over - 0 runs, 0 hits, 0 errors, 1 left on base; Baton Rouge 0 - Quebec 1
BOTTOM OF THE 4TH
Quebec Fighting Quakers batting - Pitching for Baton Rouge Bayou : RHP Dex Shinn
Batting: LHB Roshown Guillen 0-0: Ball
1-0: Ball
2-0: Ball
3-0: Called Strike
3-1: Fly out, F7 (Flyball, 7D, EV 102.5 MPH)
Batting: RHB Eli Tracy 0-0: Foul Ball, location: 2F
0-1: Ball
1-1: Called Strike
1-2: Ground out 1-3 (Groundball, 13S, EV 61.9 MPH)
Batting: RHB Cody Henning 0-0: SINGLE (Line Drive, 9LM, EV 106.9 MPH)
Batting: LHB Kaleb Roelofs 0-0: Swinging Strike
0-1: Fielders Choice at 2nd, 6-4 (Groundball, 6, EV 101.2 MPH)
Bottom of the 4th over - 0 runs, 1 hit, 0 errors, 1 left on base; Baton Rouge 0 - Quebec 1
TOP OF THE 5TH
Baton Rouge Bayou batting - Pitching for Quebec Fighting Quakers : RHP Ky Forbes
Batting: RHB Justin Greene 0-0: Ball
1-0: Called Strike
1-1: Called Strike
1-2: Foul Ball, location: 2F
1-2: SINGLE (Groundball, 56D, EV 108.1 MPH)
Batting: RHB Jeremie Holzschuh 0-0: Ball
1-0: Ground out 2-3 (Groundball, 13S, EV 60.0 MPH)
Justin Greene to second
Batting: RHB Huston Cruz 0-0: Called Strike
0-1: SINGLE (Line Drive, 8LS, EV 110.0 MPH)
Justin Greene to third
Batting: RHB Tripp Kalifetona 0-0: Foul Ball, location: 2F
0-1: Called Strike
0-2: Fielders Choice at 2nd, 4-6 (Groundball, 4MD, EV 99.4 MPH)
Justin Greene scores
Batting: LHB Kemper Small 0-0: Called Strike
0-1: Ball
1-1: Ball
2-1: Fly out, F9 (Flyball, 9S, EV 81.2 MPH)
Top of the 5th over - 1 run, 2 hits, 0 errors, 1 left on base; Baton Rouge 1 - Quebec 1
BOTTOM OF THE 5TH
Quebec Fighting Quakers batting - Pitching for Baton Rouge Bayou : RHP Dex Shinn
Batting: LHB Kevyn O'Flynn 0-0: Called Strike
0-1: Ball
1-1: Ball
2-1: Ground out U3 (Groundball, 3L, EV 90.0 MPH)
Batting: RHB Charleston Chesney 0-0: Called Strike
0-1: Called Strike
0-2: SINGLE (Flyball, 6D, EV 91.9 MPH)
Batting: LHB Neil Fedunina 0-0: Ground out 4-3 (Groundball, 34, EV 83.8 MPH)
Charleston Chesney to second
Batting: LHB Jayden Marotta 0-0: Ball
1-0: Called Strike
1-1: Ball
2-1: Ball
3-1: Base on Balls
Batting: RHB TeMarcus Turner 0-0: Ball
1-0: Swinging Strike
1-1: Fly out, F5 (Line Drive, 5, EV 70.0 MPH)
Bottom of the 5th over - 0 runs, 1 hit, 0 errors, 2 left on base; Baton Rouge 1 - Quebec 1
TOP OF THE 6TH
Baton Rouge Bayou batting - Pitching for Quebec Fighting Quakers : RHP Ky Forbes
Batting: RHB Darrin Cramer 0-0: Ball
1-0: Ball
2-0: Fly out, F9 (Flyball, 9D, EV 86.9 MPH)
Batting: LHB Isaac Allen 0-0: Ball
1-0: Ball
2-0: Ground out 6-3 (Groundball, 6D, EV 106.9 MPH)
Batting: SHB Rob French 0-0: Ground out 4-3 (Groundball, 4, EV 78.8 MPH)
Top of the 6th over - 0 runs, 0 hits, 0 errors, 0 left on base; Baton Rouge 1 - Quebec 1
BOTTOM OF THE 6TH
Quebec Fighting Quakers batting - Pitching for Baton Rouge Bayou : RHP Dex Shinn
Batting: LHB Roshown Guillen 0-0: Ball
1-0: Ball
2-0: Called Strike
2-1: Swinging Strike
2-2: Strikes out swinging
Batting: RHB Eli Tracy 0-0: Foul Ball, location: 2F
0-1: Ball
1-1: Called Strike
1-2: Ground out 3-1 (Groundball, 34, EV 90.0 MPH)
Batting: RHB Cody Henning 0-0: Ball
1-0: Foul Ball, location: 2F
1-1: Swinging Strike
1-2: Strikes out swinging
Bottom of the 6th over - 0 runs, 0 hits, 0 errors, 0 left on base; Baton Rouge 1 - Quebec 1
TOP OF THE 7TH
Baton Rouge Bayou batting - Pitching for Quebec Fighting Quakers : RHP Ky Forbes
Batting: LHB Peter Beasley 0-0: Swinging Strike
0-1: Swinging Strike
0-2: Ball
1-2: Strikes out looking
Batting: RHB Justin Greene 0-0: Called Strike
0-1: Ball
1-1: Ball
2-1: Swinging Strike
2-2: Foul Ball, location: 2F
2-2: Foul Ball, location: 2F
2-2: Foul Ball, location: 2F
2-2: Foul Ball, location: 2F
2-2: Strikes out swinging
Batting: RHB Jeremie Holzschuh 0-0: Ball
1-0: Swinging Strike
1-1: Ball
2-1: Ball
3-1: Base on Balls
Pitching: RHP J.R. Rader
Pinch Hitting: LHB Jon MacKinnon 0-0: Called Strike
0-1: Ball
Jeremie Holzschuh is caught stealing 2nd base 2-6
Top of the 7th over - 0 runs, 0 hits, 0 errors, 0 left on base; Baton Rouge 1 - Quebec 1
BOTTOM OF THE 7TH
Quebec Fighting Quakers batting - Pitching for Baton Rouge Bayou : RHP Dex Shinn
Now in CF: Brian Clarence
Batting: LHB Kaleb Roelofs 0-0: Ball
1-0: DOUBLE (Line Drive, 8RXD, EV 97.5 MPH)
Batting: LHB Kevyn O'Flynn 0-0: Foul Ball, location: 2F
0-1: Swinging Strike
0-2: Foul Ball, location: 2F
0-2: Strikes out swinging
Batting: RHB Charleston Chesney 0-0: Foul Ball, location: 2F
0-1: Ball
1-1: SINGLE (Line Drive, 9LS, EV 103.8 MPH)
Kaleb Roelofs to third
Runner from 3rd tries for Home, SAFE, throw by RF to home
Batting: LHB Neil Fedunina 0-0: Called Strike
0-1: Swinging Strike
0-2: Foul Ball, location: 2F
0-2: Ball
1-2: Ball
2-2: Foul Ball, location: 2F
2-2: Ball
3-2: SINGLE (Groundball, 6MD, EV 93.8 MPH)
Charleston Chesney to second
Pitching: LHP Derek Royalty
Batting: LHB Jayden Marotta 0-0: Ball
1-0: Ball
Wild Pitch!
Charleston Chesney to third
Neil Fedunina to second
2-0: Called Strike
2-1: Called Strike
2-2: Ball
3-2: Fly out, F9 (Flyball, 9D, EV 93.8 MPH)
Runner from 3rd tags up, SCORES, no throw by RF
Batting: RHB TeMarcus Turner 0-0: Foul Ball, location: 2F
0-1: Foul Ball, location: 2F
0-2: Foul Ball, location: 2F
0-2: Foul Ball, location: 2F
0-2: Ball
1-2: Ball
2-2: Reached on error, E5 (Groundball, 5, EV 90.0 MPH)
Neil Fedunina to third
Batting: LHB Roshown Guillen 0-0: Called Strike
Pickoff Throw to First - Out! 1-3
Bottom of the 7th over - 2 runs, 3 hits, 1 error, 1 left on base; Baton Rouge 1 - Quebec 3
TOP OF THE 8TH
Baton Rouge Bayou batting - Pitching for Quebec Fighting Quakers : RHP J.R. Rader
Batting: LHB Brian Clarence 0-0: Called Strike
0-1: Swinging Strike
0-2: Strikes out swinging
Pinch Hitting: SHB Jaren Solomon 0-0: Ball
1-0: Foul Ball, location: 2F
1-1: Ball
2-1: Foul Ball, location: 2F
2-2: Foul Ball, location: 2F
2-2: Foul Ball, location: 2F
2-2: Ground out 4-3 (Groundball, 4, EV 88.8 MPH)
Batting: LHB Kemper Small 0-0: Ball
1-0: Ball
2-0: Called Strike
2-1: Foul Ball, location: 2F
2-2: Foul Ball, location: 2F
2-2: Ball
3-2: Fly out, F6 (Popup, P, EV 86.9 MPH)
Top of the 8th over - 0 runs, 0 hits, 0 errors, 0 left on base; Baton Rouge 1 - Quebec 3
BOTTOM OF THE 8TH
Quebec Fighting Quakers batting - Pitching for Baton Rouge Bayou : LHP Derek Royalty
Pitching: RHP Merrill Collier
Now at 2B: Justin Greene
Now at SS: Chad Swanson
Batting: LHB Roshown Guillen 0-0: Ball
1-0: Ball
2-0: Called Strike
2-1: SINGLE (Groundball, 34D, EV 100.0 MPH)
Batting: RHB Eli Tracy 0-0: Ball
1-0: Ball
2-0: Fly out, F8 (Flyball, 89M, EV 98.8 MPH)
Batting: RHB Cody Henning 0-0: Called Strike
0-1: Ball
1-1: Foul Ball, location: 2F
1-2: Ball
2-2: SINGLE (Line Drive, 6MD, EV 93.8 MPH)
Roshown Guillen to second
Batting: LHB Kaleb Roelofs 0-0: Ball
1-0: Ball
2-0: Fly out, F7 (Flyball, 7D, EV 90.6 MPH)
Batting: LHB Kevyn O'Flynn 0-0: Fly out, F8 (Flyball, 8LD, EV 106.9 MPH)
Bottom of the 8th over - 0 runs, 2 hits, 0 errors, 2 left on base; Baton Rouge 1 - Quebec 3
TOP OF THE 9TH
Baton Rouge Bayou batting - Pitching for Quebec Fighting Quakers : RHP J.R. Rader
Pitching: RHP Nic McClelland
Batting: RHB Darrin Cramer 0-0: SINGLE (Groundball, 25, EV 71.2 MPH) (infield hit)
Batting: LHB Isaac Allen 0-0: Ball
1-0: Swinging Strike
1-1: Swinging Strike
1-2: Fly out, F4 (Popup, 4M, EV 76.2 MPH)
Batting: SHB Rob French 0-0: Ball
1-0: Fielders Choice at 2nd, 5-4 (Groundball, 56, EV 81.9 MPH)
Batting: LHB Peter Beasley 0-0: Reached on error, E4 (Groundball, 34S, EV 81.2 MPH)
Rob French to second
Batting: RHB Justin Greene 0-0: Called Strike
0-1: Foul Ball, location: 2F
0-2: Ball
1-2: Strikes out swinging
Top of the 9th over - 0 runs, 1 hit, 1 error, 2 left on base; Baton Rouge 1 - Quebec 3
Friday, March 15th , 2024 - OOTP Baseball 23.10 Build 110